 Dungeon Crawl Stone Soup version 0.20.1-1-g8b1a95d (webtiles) character file.

32 Irenicus the Sneak (level 3, 0/34 HPs)
             Began as a Naga Chaos Knight on Oct 9, 2017.
             Succumbed to an adder's poison
             ... on level 1 of the Dungeon.
             The game lasted 00:02:34 (605 turns).

Irenicus the Sneak (Naga Chaos Knight)               Turns: 605, Time: 00:02:35

Health: 0/34       AC:  4    Str: 14    XL:     3   Next: 25%
Magic:  3/3        EV:  9    Int: 12    God:    Xom [*.....]
Gold:   69         SH:  0    Dex: 11    Spells: 2/2 levels left

rFire    . . .     SeeInvis +     - Unarmed
rCold    . . .     Gourm    .   (no shield)
rNeg     . . .     Faith    .   a - +2 leather armour
rPois    +         Spirit   .   (no helmet)
rElec    .         Reflect  .   (no cloak)
rCorr    .         Harm     .   (no gloves)
MR       .....                  (no barding)
Stlth    ++........             (no amulet)
Regen    0.2/turn               (no ring)
MPRegen  0.1/turn               (no ring)

@: lethally poisoned (0 -> -2), very slow
A: see invisible, deformed body, poison resistance, slowness 2, slow metabolism
1, spit poison 1, AC +1
a: Spit Poison, Renounce Religion


You were on level 1 of the Dungeon.
You worshipped Xom.
You were a special plaything of Xom.
You were not hungry.

You visited 1 branch of the dungeon, and saw 1 of its levels.

You collected 69 gold pieces.

Inventory:

Armour
 a - a +2 leather armour (worn)
Scrolls
 c - a scroll of teleportation
 e - a scroll of amnesia
Comestibles
 b - a bread ration


   Skills:
 - Level 3.0 Fighting
 - Level 1.5 Armour
 - Level 0.7 Dodging
 + Level 4.5 Stealth
 - Level 3.0 Unarmed Combat


You had 2 spell levels left.
You didn't know any spells.

Dungeon Overview and Level Annotations

Branches:
Dungeon (1/15)

Altars:


Innate Abilities, Weirdness & Mutations

You cannot wear boots.
Your serpentine skin is tough. (AC +1)
You have supernaturally acute eyesight. (SInv)
Armour fits poorly on your strangely shaped body.
Your system is resistant to poisons. (rPois)
You cover ground very slowly.
You have a slow metabolism.
You can spit poison.


Message History

You feel sick.
There is a lethal amount of poison in your body!
As you read the scroll labeled ZARRIE VUVVEB, it crumbles to dust.
The air around you briefly surges with heat, but it dissipates.
It was a scroll of immolation.
As you read the scroll labeled USAEHI VEOPLA, it crumbles to dust.
You feel blessed for a moment.
It was a scroll of remove curse.
* * * LOW HITPOINT WARNING * * *
You feel sick.
You aren't carrying any items that you can evoke.
As you read the scroll of teleportation, it crumbles to dust.
You feel strangely unstable.
* * * LOW HITPOINT WARNING * * *
You feel sick.
There is a lethal amount of poison in your body!
Your surroundings suddenly seem different.
A bat comes into view.
You barely miss the bat.
You die...
Xom bursts into laughter!

#...## ##.#### ..............
.....## ##....)##..............
......# ##.......#..............
......# #.....).............#..#
......# #.................###..#
.....## ##..............
..†...###..............#
........................
................@......# ...##
................b..##### .......
#..................# ......
#........#.........###.## ......
#........#.........#..>##. ....#
#........#................##..###
#######.###......................
#..# #...........# ##......
#.####..........#####...####


You could see a bat.

Vanquished Creatures
  An adder (D:1)
  3 leopard geckos (D:1)
  2 bats (D:1)
  A goblin (D:1)
  2 hobgoblins (D:1)
  3 jackals (D:1)
  2 kobolds (D:1)
  2 frilled lizards (D:1)
  3 rats (D:1)
19 creatures vanquished.

Notes
Turn   | Place    | Note
-------+----------+-------------------------------------------
     0 | D:1      | Irenicus the Naga Chaos Knight began the quest for the Orb.
     0 | D:1      | Reached XP level 1. HP: 21/21 MP: 1/1
    26 | D:1      | XOM: silly message
    54 | D:1      | Reached skill level 1 in Stealth
    88 | D:1      | Reached skill level 2 in Stealth
   125 | D:1      | XOM: mild Fire miscast
   126 | D:1      | Reached XP level 2. HP: 18/28 MP: 2/2
   152 | D:1      | Reached skill level 3 in Stealth
   285 | D:1      | Reached skill level 4 in Stealth
   590 | D:1      | Reached XP level 3. HP: 6/34 MP: 3/3
   601 | D:1      | HP: 1/34 [poisoned by an adder]
   605 | D:1      | Succumbed to an adder's poison

Skill      XL: |  1  2 |
---------------+-------+-----
Stealth        | 2 4 |  4.5
Fighting       | |  3.0
Armour         | |  1.5
Dodging        | |  0.7
Unarmed Combat | |  3.0

Action                   || total
-------------------------++-------
Melee: Unarmed           ||    99
  Use: Potion            ||     1
       Scroll            ||     5
Armor: Leather armour    ||    63
Dodge: Dodged            ||    74
